 Dungeon Crawl Stone Soup version 0.28.0-1-gb440e238dd (webtiles) character file.

Game seed: 4227108649738499300

135 RascalDebosk the Conjurer (level 5, -10/35 HPs)
             Began as a Human Conjurer on Feb 28, 2022.
             Was an Initiate of Gozag.
             Killed by divine providence
             ... invoked by an orc priest
              (11 damage)
             ... on level 3 of the Dungeon.
             The game lasted 00:31:21 (3297 turns).

RascalDebosk the Conjurer (Human Conjurer)          Turns: 3297, Time: 00:31:22

Health: -10/35     AC:  3    Str:  7    XL:     5   Next: 41%
Magic:  2/8        EV: 12    Int: 20    God:    Gozag
Gold:   252        SH:  0    Dex: 12    Spells: 2/8 levels left

rFire   . . .      SeeInvis .   c - +0 short sword
rCold   . . .      Faith    .   (no shield)
rNeg    . . .      Spirit   .   a - +0 robe
rPois   .          Reflect  .   (no helmet)
rElec   .          Harm     .   (no cloak)
rCorr   .          Rampage  .   b - +0 pair of gloves
Will    .....                   (no boots)
Stlth   ++........              (no amulet)
HPRegen 0.11/turn               (no ring)
MPRegen 0.11/turn               (no ring)

@: no status effects
A: no striking features
a: Renounce Religion, Potion Petition, Call Merchant, Bribe Branch


You were on level 3 of the Dungeon.
You worshipped Gozag.
Gozag was aware of your devotion.
You visited 1 branch of the dungeon, and saw 3 of its levels.

You collected 266 gold pieces.
You paid 14 gold pieces to Gozag.

Inventory:

Hand Weapons
 c - a +0 short sword (weapon)
 p - a +2 whip of distortion
Missiles
 j - 3 poisoned darts
Armour
 a - a +0 robe (worn)
 b - a +0 pair of gloves (worn)
Wands
 e - a wand of paralysis (1)
Scrolls
 f - a scroll of enchant armour {unknown}
 l - a scroll of noise {unknown}
 n - a scroll of fog {unknown}
 o - a scroll of torment {unknown}
Potions
 d - a potion of attraction
 g - a potion of flight {unknown}
 h - a potion of curing
 i - a potion of magic {unknown}
 k - a potion of ambrosia {unknown}
 m - a potion of resistance {unknown}


   Skills:
 + Level 2.8 Dodging
 + Level 2.9 Stealth
 - Level 2.0 Spellcasting
 * Level 4.8 Conjurations
 * Level 2.3 Hexes


You had 2 spell levels left.
You knew the following spells:

 Your Spells              Type           Power      Damage    Failure   Level
a - Magic Dart            Conj           84%        1d7       2%          1
b - Searing Ray           Conj           42%        2d6       3%          2
c - Dazzling Flash        Conj/Hex       32%        N/A       11%         3

Your spell library contained the following spells:

 Spells                   Type           Power      Damage    Failure   Level
 Pain                     Necr           8%         1d4       16%         1
 Fulminant Prism          Conj/Hex       8%         3d7       34%         4
 Iskenderun's Mystic Bla  Conj/Tloc      11%        2d4       50%         4
 Agony                    Necr           2%         N/A       99%         5
 Excruciating Wounds      Necr           1%         N/A       99%         5


Dungeon Overview and Level Annotations

Branches:
Dungeon (3/15)

Altars:
Gozag
Sif Muna
Zin


Message History

You hit the orc priest but do no damage.
The orc priest is severely wounded.
The orc priest completely misses you.
You hit the orc priest but do no damage.
The orc priest is severely wounded.
The orc priest hits you with a +0 hand axe.
You barely miss the orc priest.
The orc priest is severely wounded.
The orc priest closely misses you.
You hit the orc priest.
The orc priest is severely wounded.
The orc priest hits you with a +0 hand axe.
* * * LOW HITPOINT WARNING * * *
You hit the orc priest.
The orc priest is severely wounded.
The orc priest closely misses you.
You hit the orc priest but do no damage.
The orc priest is severely wounded.
The orc priest closely misses you.
Your magical contamination has completely faded away.
You hit the orc priest but do no damage.
The orc priest is severely wounded.
The orc priest hits you with a +0 hand axe.
* * * LOW HITPOINT WARNING * * *
You hit the orc priest but do no damage.
The orc priest is severely wounded.
The orc priest hits you with a +0 hand axe.
* * * LOW HITPOINT WARNING * * *
You barely miss the orc priest.
The orc priest is severely wounded.
The orc priest hits you with a +0 hand axe.
* * * LOW HITPOINT WARNING * * *
The orc priest hits you with a +0 hand axe.
* * * LOW HITPOINT WARNING * * *
You completely miss the orc priest.
The orc priest is severely wounded.
The orc priest calls down the wrath of Beogh upon you.
Beogh smites you!
You die...
Your body crumbles into a pile of gold.

#..##.###..$..$o## .. ...
#.........####### ... ..
.......#........# ....
......##........# ..?.... #
......##........## ##.. #.
.................#### #.. ##.
.#......########....# ##.# #..
......#......######.####..###.###
.#..).######....@o.........##....
...#..# ############..#.##..#.
.#....########...................
...#..##.......########.......##.
.#.......###############...##....
..##....##.............#...###...
.###....##.............#...# ##..
.# #....##.............#...# #..
## #....##..(.♣♣♣♣♣....#...# #..


You could see an orc priest.

Vanquished Creatures
  Terence (D:2)
  4 adders
  3 dart slugs
  7 orcs (D:3)
  6 endoplasms
  2 giant cockroaches (D:3)
  8 goblins
  6 hobgoblins
  2 jackals (D:1)
  2 quokkas
  4 ball pythons
  2 frilled lizards (D:1)
  7 kobolds
  3 rats
57 creatures vanquished.

Notes
Turn   | Place    | Note
-------+----------+-------------------------------------------
     0 | D:1      | RascalDebosk the Human Conjurer began the quest for the
                  | Orb.
     0 | D:1      | Reached XP level 1. HP: 13/13 MP: 3/3
   286 | D:1      | Reached XP level 2. HP: 18/19 MP: 3/5
   289 | D:1      | Learned a level 2 spell: Searing Ray
   639 | D:1      | Reached skill level 1 in Hexes
   878 | D:1      | Reached XP level 3. HP: 24/24 MP: 0/6
  1432 | D:2      | Noticed Terence
  1497 | D:2      | Killed Terence
  1498 | D:2      | Reached XP level 4. HP: 24/30 MP: 1/7
  1665 | D:2      | Found a faded altar of an unknown god.
  1725 | D:2      | Found an opulent altar of Gozag.
  1733 | D:2      | Became a worshipper of Gozag Ym Sagoz the Greedy
  1845 | D:2      | Learned a level 3 spell: Dazzling Flash
  2883 | D:3      | Reached XP level 5. HP: 35/35 MP: 0/8
  3022 | D:3      | Found a glowing silver altar of Zin.
  3031 | D:3      | Found a shimmering blue altar of Sif Muna.
  3296 | D:3      | HP: 1/35 [orc priest (2)]
  3297 | D:3      | Killed from afar by an orc priest

Illustrated notes

Levels and vault maps discovered:
D:1:      dpeg_arrival_round_c, layout_loops_corners,
          minmay_misc_feat_four_crosses
D:2:      layout_basic, shapermc_ecumenical_altar_pompeii, basic_altar,
          grunt_ministairs_6, nicolae_elevator_lobby_asterisk, uniq_terence
D:3:      layout_rooms, amethyst_overflow_temple_binary, hex_tiny,
          grunt_ministairs_9, kennysheep_generic_room_16

Skill      XL: |  1  2  3  4 |
---------------+-------------+-----
Hexes          | 1 2 |  2.3
Dodging        | |  2.8
Stealth        | |  2.9
Spellcasting   | |  2.0
Conjurations   | |  4.8

Action                   |  1- 3 |  4- 6 || total
-------------------------+-------+-------++-------
Melee: Short sword       |     8 |    26 ||    34
 Cast: Magic Dart        |    33 |    58 ||    91
       Searing Ray       |     6 |     8 ||    14
  Use: Scroll            |       |     2 ||     2
       Potion            |       |     1 ||     1
 Stab: Sleeping          |     1 |       ||     1
       Distracted        |       |     1 ||     1
Armor: Robe              |     3 |     7 ||    10
Dodge: Dodged            |     8 |    18 ||    26
